 Dungeon Crawl Stone Soup version 0.28.0-47-ge53b351184 (webtiles) character file.

Game seed: 10284384323333269409

326 nickcage the Chiller (level 6, 0/32 HPs)
             Began as a Deep Elf Ice Elementalist on May 3, 2022.
             Killed from afar by a white imp (5 damage)
             ... with a puff of frost
             ... on level 4 of the Dungeon.
             The game lasted 00:12:27 (3919 turns).

nickcage the Chiller (Deep Elf Ice Elementalist)    Turns: 3919, Time: 00:12:28

Health: 0/32       AC:  2    Str:  5    XL:     6   Next: 24%
Magic:  15/16      EV: 12    Int: 22    God:
Gold:   128        SH:  0    Dex: 15    Spells: 5/16 levels left

rFire   . . .      SeeInvis .   d - +0 dagger
rCold   . . .      Faith    .   (no shield)
rNeg    . . .      Spirit   .   a - +0 robe
rPois   .          Reflect  .   (no helmet)
rElec   .          Harm     .   (no cloak)
rCorr   .          Rampage  .   (no gloves)
Will    .....                   (no boots)
Stlth   ++........              (no amulet)
HPRegen 0.10/turn               (no ring)
MPRegen 0.15/turn               (no ring)

@: no status effects
A: no striking features
a: no special abilities


You were on level 4 of the Dungeon.
You visited 1 branch of the dungeon, and saw 4 of its levels.

You collected 128 gold pieces.

Inventory:

Hand Weapons
 d - a +0 dagger (weapon)
Armour
 a - a +0 robe (worn)
Magical Staves
 q - a staff of fire
Scrolls
 b - 2 scrolls of fog {unknown}
 c - a scroll of noise {unknown}
 f - a scroll of teleportation {unknown}
 k - a scroll of vulnerability {unknown}
 l - a scroll of holy word {unknown}
 n - 2 scrolls of blinking {unknown}
 p - 2 scrolls of identify {unknown}
 s - a scroll of immolation {unknown}
 t - a scroll of fear {unknown}
 u - a scroll of brand weapon {unknown}
Potions
 e - 2 potions of heal wounds {unknown}
 g - 2 potions of curing {unknown}
 h - 2 potions of flight {unknown}
 i - a potion of magic {unknown}
 j - 3 potions of resistance {unknown}
 m - a potion of berserk rage {unknown}
 o - a potion of lignification {unknown}
 r - a potion of attraction {unknown}


   Skills:
 - Level 2.4 Dodging
 - Level 2.4 Stealth
 + Level 5.6 Spellcasting
 * Level 7.2 Ice Magic


You had 5 spell levels left.
You knew the following spells:

 Your Spells              Type           Power      Damage    Failure   Level
a - Freeze                Ice            100%       1d11      1%          1
b - Frozen Ramparts       Ice            76%        1d9       1%          3
c - Ozocubu's Armour      Ice            38%        N/A       1%          3
d - Hailstorm             Conj/Ice       22%        3d7       22%         4

Your spell library contained the following spells:

 Spells                   Type           Power      Damage    Failure   Level


Dungeon Overview and Level Annotations

Branches:
Dungeon (4/15)
 Temple: D:4-7

Altars:
Ashenzari
Cheibriados
Gozag
Hepliaklqana
Kikubaaqudgha
Xom
Yredelemnul


Message History

You kill the orc!
You freeze the orc!
You kill the orc!
Your icy armour starts to melt.
Your icy armour evaporates.
Items here: ))))) [ †.
Things that are here:
a +0 club; a gnoll corpse
Found a stone staircase leading up.
u - a scroll labelled KAFAR SEIMI
There is a stone staircase leading up here.
Found a stone staircase leading down.
Found a basalt altar of Yredelemnul.
There is a basalt altar of Yredelemnul here.
A white imp comes into view.
An adder and a necrophage come into view.
The white imp gestures at you. The puff of frost hits you!
The white imp gestures at you. The puff of frost hits you.
You freeze the white imp.
The white imp resists.
The white imp is lightly wounded.
The white imp barely misses you.
You hit the white imp but do no damage.
The white imp is lightly wounded.
The white imp hits you. The white imp freezes you.
You are too injured to fight recklessly!
You are too injured to fight recklessly!
You are too injured to fight recklessly!
You are too injured to fight recklessly!
You hit the white imp but do no damage.
The white imp is lightly wounded.
The white imp gestures at you. The puff of frost hits you!
* * * LOW HITPOINT WARNING * * *
You closely miss the white imp.
The white imp is lightly wounded.
The white imp gestures at you. The puff of frost hits you.
You die...

#.#####.. #... #.#......
.S.. #....#... .....
#.#..#... .....####
######........
........###.............
#........##.............
#.........##._..........
#...n.5@..#.............
#........#....#....>....
#...##........#.......#.
... #.................#
. ....................
###................#
..................
...................
.####............)##


You could see a necrophage, an adder (asleep) and a white imp.

Vanquished Creatures
  An orc priest (D:3)
  2 iguanas
  Natasha (D:2)
  An orc wizard (D:4)
  7 gnolls
  4 adders
  A worm (D:3)
  A dart slug (D:3)
  9 orcs
  8 ball pythons
  2 endoplasms (D:2)
  4 giant cockroaches
  7 goblins
  8 hobgoblins
  2 jackals (D:3)
  6 quokkas
  6 bats
  3 frilled lizards (D:1)
  7 kobolds
  10 rats
  A spectral hobgoblin (D:2)
91 creatures vanquished.

Vanquished Creatures (others)
  3 plants (D:3)
3 creatures vanquished.

Grand Total: 94 creatures vanquished

Notes
Turn   | Place    | Note
-------+----------+-------------------------------------------
     0 | D:1      | nickcage the Deep Elf Ice Elementalist began the quest for
                  | the Orb.
     0 | D:1      | Reached XP level 1. HP: 10/10 MP: 6/6
   227 | D:1      | Reached XP level 2. HP: 15/15 MP: 6/8
   390 | D:1      | Reached skill level 5 in Ice Magic
  1088 | D:2      | Found a faded altar of an unknown god.
  1125 | D:2      | Reached XP level 3. HP: 19/19 MP: 10/10
  1134 | D:2      | Learned a level 3 spell: Frozen Ramparts
  1138 | D:2      | Learned a level 3 spell: Ozocubu's Armour
  1719 | D:2      | Found an ancient bone altar of Kikubaaqudgha.
  1830 | D:2      | Reached XP level 4. HP: 17/24 MP: 8/12
  2042 | D:2      | Noticed Natasha
  2045 | D:2      | Killed Natasha
  2046 | D:2      | Reached skill level 6 in Ice Magic
  2313 | D:3      | Reached XP level 5. HP: 28/28 MP: 10/14
  2444 | D:3      | Learned a level 4 spell: Hailstorm
  2448 | D:3      | Found a broken altar of Ashenzari.
  2507 | D:3      | Found an opulent altar of Gozag.
  2525 | D:3      | Found a hazy altar of Hepliaklqana.
  3041 | D:3      | Reached skill level 5 in Spellcasting
  3273 | D:4      | Found a snail-covered altar of Cheibriados.
  3289 | D:4      | HP: 1/28 [iguana (14)]
  3291 | D:4      | Reached skill level 7 in Ice Magic
  3664 | D:4      | Reached XP level 6. HP: 24/32 MP: 13/16
  3752 | D:4      | Found a shimmering altar of Xom.
  3904 | D:4      | Found a basalt altar of Yredelemnul.
  3919 | D:4      | Killed from afar by a white imp

Illustrated notes

Levels and vault maps discovered:
D:1:      dpeg_arrival_tiny_a, layout_loops_cross, st_stairs_5
D:2:      layout_loops_corners, dreamdust_ecumenical_altar_drowned_temple,
          basic_altar, grunt_ministairs_10, grunt_decor_clamped,
          minmay_misc_feat_tiny, uniq_natasha
D:3:      layout_loops_ring, ashenzari_conservatory_becter,
          jmf_multi_god_temple, serial_bayou_ford_a
D:4:      layout_cave_pools, overflow_temple_1_default,
          overflow_temple_1_default, overflow_temple_1_default,
          uniq_blork_the_orc, uniq_crazy_yiuf_cottage

Skill      XL: |  1  2  3  4  5 |
---------------+----------------+-----
Ice Magic      | 5 6 7 |  7.2
Spellcasting   | 4 5 |  5.6
Dodging        | |  2.4
Stealth        | |  2.4

Action                   |  1- 3 |  4- 6 || total
-------------------------+-------+-------++-------
Melee: Dagger            |    20 |    23 ||    43
 Cast: Freeze            |    46 |    47 ||    93
       Frozen Ramparts   |     1 |     4 ||     5
       Ozocubu's Armour  |       |     2 ||     2
 Stab: Sleeping          |     5 |     4 ||     9
Armor: Robe              |     7 |     8 ||    15
Dodge: Dodged            |    29 |    26 ||    55
